 Dungeon Crawl Stone Soup version 0.18.1-5-g4a78601 (webtiles) character file.

111 Scarto the Covered (level 4, -1/29 HPs)
             Began as a Gargoyle Fighter on May 13, 2016.
             Slain by an ogre
             ... wielding a +0 giant spiked club
              (12 damage)
             ... on level 3 of the Dungeon.
             The game lasted 00:04:26 (1324 turns).

Scarto the Covered (Gargoyle Fighter)               Turns: 1324, Time: 00:04:27

Health: -1/29      AC: 13    Str: 25    XL:     4   Next: 92%
Magic:  4/4        EV:  6    Int:  9    God:
Gold:   72         SH:  9    Dex:  9    Spells: 0 memorised, 3 levels left

rFire  . . .     SeeInvis .     i - +0 war axe
rCold  . . .     Gourm    .     h - +0 chain mail
rNeg   + . .     Faith    .     c - +0 shield
rPois  ∞         Spirit   .     (no helmet)
rElec  +         Dismiss  .     (no cloak)
rCorr  .         Reflect  .     (no gloves)
SustAt .         Harm     .     (no boots)
MR     .....                    (no amulet)
Stlth  ..........               (no ring)
                                (no ring)

@: mighty, not resistant to hostile enchantments, extremely unstealthy
A: negative energy resistance 1, electricity resistance, unbreathing,
petrification resistance, rot immunity, AC +3
a: no special abilities


You were on level 3 of the Dungeon.
You were not hungry.

You visited 1 branch of the dungeon, and saw 3 of its levels.

You collected 72 gold pieces.

Inventory:

Hand Weapons
 a - a +0 flail
 i - a +0 war axe (weapon)
Missiles
 e - 7 javelins (quivered)
Armour
 b - a +0 scale mail
 c - a +0 shield (worn)
 h - a +0 chain mail (worn)
Scrolls
 j - a scroll of remove curse
 k - a scroll of blinking {unknown}
 m - a scroll of amnesia {unknown}
Potions
 l - a potion of lignification {unknown}
Comestibles
 f - a bread ration
 g - a beef jerky


   Skills:
 + Level 3.8 Fighting
 + Level 0.1(1.7) Axes
 + Level 3.2 Maces & Flails
 + Level 4.1 Armour
 + Level 0.1 Dodging
 + Level 4.1 Shields


You had 3 spell levels left.
You didn't know any spells.

Dungeon Overview and Level Annotations

Branches:
Dungeon (3/15)

Altars:
Cheibriados


Innate Abilities, Weirdness & Mutations

You are resistant to torment.
Your stone body is resilient (AC +3).
You are immune to poison.
You resist negative energy.
You are resistant to electric shocks.
You can survive without breathing.
You are immune to petrification.
You are immune to rotting.


Message History

You are too injured to fight recklessly!
You are too injured to fight recklessly!
You are too injured to fight recklessly!
You are too injured to fight recklessly!
You are too injured to fight recklessly!
You are too injured to fight recklessly!
You are too injured to fight recklessly!
You are too injured to fight recklessly!
You are too injured to fight recklessly!
You are too injured to fight recklessly!
You are too injured to fight recklessly!
Drink which item? (? for menu, Esc to quit)
You feel very mighty all of a sudden. The goblin hits you but does no damage.
Your shield and chain mail prevent you from hitting the ogre.
The ogre is heavily wounded.
Your shield and chain mail prevent you from hitting the goblin.
The goblin barely misses you.
The ogre hits you with a giant spiked club!
You die...

#.........#...)........
#.........###..........
#..........###.........
##.####..#.####........
#.# #..#........#####
#..##............
#....##........
......##.#......
.......g@.......
...##.##O.....!. .....
......... $###
.#........ #..........
# ..##..... .## .....
#. #####


You could see an ogre and a goblin.

Vanquished Creatures
  Natasha (twice) (D:2 D:3)
  An adder (D:2)
  2 worms (D:2)
  2 dart slugs
  2 giant geckos
  5 bats
  3 giant cockroaches (D:1)
  3 hobgoblins
  2 jackals (D:1)
  A giant newt (D:1)
  6 goblins
  7 kobolds
  6 rats (D:1)
42 creatures vanquished.

Notes
Turn   | Place    | Note
--------------------------------------------------------------
     0 | D:1      | Scarto the Gargoyle Fighter began the quest for the Orb.
     0 | D:1      | Reached XP level 1. HP: 14/14 MP: 1/1
   119 | D:1      | Reached XP level 2. HP: 19/19 MP: 2/2
   348 | D:1      | Reached XP level 3. HP: 22/23 MP: 3/3
   632 | D:2      | Noticed Natasha
   642 | D:2      | Killed Natasha
   642 | D:2      | Reached XP level 4. HP: 28/28 MP: 4/4
   885 | D:2      | Found a snail-covered altar of Cheibriados.
  1287 | D:3      | Noticed Natasha
  1306 | D:3      | Killed Natasha
  1315 | D:3      | Noticed an ogre
  1324 | D:3      | Slain by an ogre

Skill      XL: |  1  2  3  4 |
---------------+-------------+-----
Armour         | 4 |  4.1
Maces & Flails | 3 |  3.2
Shields        | 4 |  4.1
Fighting       | |  3.8
Axes           | |  0.1
Dodging        | |  0.1

Action                   |  1- 3 |  4- 6 || total
-------------------------+-------+-------++-------
Melee: Flail             |    88 |    39 ||   127
       War axe           |       |    50 ||    50
  Use: Potion            |     2 |     1 ||     3
       Scroll            |     1 |     2 ||     3
  Eat: Bread ration      |       |     1 ||     1
Armor: Scale mail        |    47 |       ||    47
       Chain mail        |       |    64 ||    64
Dodge: Dodged            |    26 |    31 ||    57
Block: Shield            |    41 |    46 ||    87
